 Dungeon Crawl Stone Soup version 0.30-a0-862-g1aabd4f9c5 (webtiles) character file.

Game seed: 18144571801677291258

133 Morbidden the Chopper (level 4, -5/38 HPs)
             Began as a Minotaur Gladiator on Mar 9, 2023.
             Slain by a gnoll
             ... wielding a +0 halberd
              (12 damage)
             ... on level 4 of the Dungeon.
             The game lasted 00:02:51 (2428 turns).

Morbidden the Chopper (Minotaur Gladiator)          Turns: 2428, Time: 00:02:51

Health: -5/38      AC:  3    Str: 19    XL:     4   Next: 94%
Magic:  3/3        EV: 12    Int:  7    God:
Gold:   160        SH:  3    Dex: 11    Spells: 3/4 levels left

rFire   . . .      SeeInvis +    a - +0 war axe
rCold   . . .      Faith    +    m - +0 buckler
rNeg    . . .      Spirit   .    b - +0 leather armour
rPois   .          Reflect  .    c - +0 hat
rElec   .          Rampage  .    (no cloak)
rCorr   .                        (no gloves)
Will    .....                    (no boots)
Stlth   +                        g - amulet of faith
HPRegen 0.26/turn                i - ring of see invisible
MPRegen 0.08/turn                (no ring)

@: no status effects
A: horns 2, retaliatory headbutt
a: no special abilities


You were on level 4 of the Dungeon.
You visited 1 branch of the dungeon, and saw 4 of its levels.

You collected 275 gold pieces.
You spent 115 gold pieces at shops.

Inventory:

Hand Weapons
 a - a +0 war axe (weapon)
Missiles
 d - a throwing net (quivered)
 e - a javelin
Armour
 b - a +0 leather armour (worn)
 c - a +0 hat (worn)
 m - a +0 buckler (worn)
Jewellery
 g - an amulet of faith (around neck)
 i - a ring of see invisible (left hand)
 v - a ring of ice
Wands
 u - a wand of digging (4)
Scrolls
 l - a scroll of enchant armour {unknown}
 n - a scroll of blinking
 o - a scroll of teleportation
 p - a scroll of identify {unknown}
 q - 2 scrolls of fog {unknown}
 w - a scroll of noise {unknown}
Potions
 f - a potion of heal wounds {unknown}
 h - a potion of invisibility {unknown}
 j - a potion of curing {unknown}
 k - a potion of resistance {unknown}
 r - a potion of brilliance {unknown}
 s - a potion of might {unknown}
 t - a potion of flight {unknown}


   Skills:
 * Level 3.3 Fighting
 * Level 4.9(5.1) Axes
 * Level 1.8(3.6) Polearms
 + Level 2.0 Throwing
 * Level 1.5 Armour
 * Level 3.7 Dodging
 * Level 0.4 Shields
 * Level 0.5 Spellcasting


You had 3 spell levels left.
You knew the following spells:

 Your Spells              Type           Power      Damage    Failure   Level
a - Sting                 Tmut/Pois      0%         1d3       56%         1

Your spell library contained the following spells:

 Spells                   Type           Power      Damage    Failure   Level
 Apportation              Tloc           0%         N/A       58%         1
 Slow                     Hex            0%         N/A       58%         1
 Cigotuvi's Dreadful Rot  Necr/Pois/Air  0%         N/A       73%         2
 Poisonous Vapours        Pois/Air       0%         N/A       73%         2
 Confusing Touch          Hex            0%         N/A       91%         3
 Vampiric Draining        Necr           0%         2d6       91%         3
 Dispel Undead            Necr           0%         3d6       100%        4
 Olgreb's Toxic Radiance  Pois           0%         N/A       100%        4
 Alistair's Intoxication  Tmut/Pois      0%         N/A       100%        5
 Death Channel            Necr           0%         N/A       100%        6


Dungeon Overview and Level Annotations

Branches:
Dungeon (4/15)
 Temple: D:4-7

Altars:

Shops:
D:1 =*   D:2 ?   D:4 =


Innate Abilities, Weirdness & Mutations

You have a pair of horns on your head.
You reflexively headbutt those who attack you in melee.


Message History

Unknown command.
You are too injured to fight recklessly!
You are too injured to fight recklessly!
Unknown command.
You are too injured to fight recklessly!
Unknown command.
Okay, then.
You block the quokka's attack. The gnoll barely misses you.
You furiously retaliate!
You headbutt the gnoll.
You see here a +0 club.
Unknown command.
Unknown command.
You barely miss the gnoll.
The gnoll is moderately wounded.
You slash the quokka!
You kill the quokka!
The gnoll hits you but does no damage.
Unknown command.
Unknown command.
You barely miss the gnoll.
The gnoll is moderately wounded.
The gnoll hits you with a +0 halberd!
* * * LOW HITPOINT WARNING * * *
Unknown command.
Unknown command.
Okay, then.
Throw: 3 throwing nets
Press: ? - help, Q - select action, (/) - cycle Shift-Dir - straight line, f - gnoll
Aim: a gnoll, wielding a +0 halberd (moderately wounded, 61% to hit)
You throw a throwing net.
The throwing net closely misses the gnoll.
The gnoll closely misses you.
Unknown command.
Throw: 2 throwing nets
Press: ? - help, Q - select action, (/) - cycle Shift-Dir - straight line, f/p - gnoll
Aim: a gnoll, wielding a +0 halberd (moderately wounded, 61% to hit)
You throw a throwing net.
The throwing net barely misses the gnoll.
The gnoll hits you with a +0 halberd!
You die...

######### #.##.##.# #
#.##.##.# .#
#.##.##.##########.#
##..............)...###.
................†.......
................@g.....(
........................
##.#..##.####.#######...
##............# ..
.....†.........
..........###..#
..........# #..
..........# ............


You could see a gnoll.

Vanquished Creatures
  2 gnolls (D:4)
  An adder (D:2)
  3 dart slugs
  4 worms
  9 orcs (D:3)
  6 ball pythons
  3 bats
  3 endoplasms
  3 giant cockroaches
  11 hobgoblins
  5 jackals
  3 kobolds
  3 quokkas
  4 frilled lizards
  7 goblins
  7 rats
74 creatures vanquished.

Vanquished Creatures (others)
  4 plants (D:3)
4 creatures vanquished.

Grand Total: 78 creatures vanquished

Notes
Turn   | Place    | Note
-------+----------+-------------------------------------------
     0 | D:1      | Morbidden the Minotaur Gladiator began the quest for the
                  | Orb.
     0 | D:1      | Reached XP level 1. HP: 18/18 MP: 0/0
    74 | D:1      | Found Usolis's Assorted Antiques.
   113 | D:1      | Reached XP level 2. HP: 25/25 MP: 1/1
   187 | D:1      | Reached skill level 4 in Axes
   485 | D:1      | Found Teoshruw's Jewellery Boutique.
   620 | D:2      | Reached XP level 3. HP: 31/31 MP: 2/2
   686 | D:2      | Reached skill level 1 in Polearms
   701 | D:2      | Reached skill level 1 in Armour
  1033 | D:2      | Found Enezaz's Magic Scroll Boutique.
  1041 | D:2      | Bought a scroll of blinking for 82 gold pieces
  1041 | D:2      | Bought a scroll of teleportation for 33 gold pieces
  1343 | D:3      | Reached XP level 4. HP: 35/38 MP: 3/3
  2208 | D:4      | Found Xymyum's Jewellery Boutique.
  2375 | D:4      | Learned a level 1 spell: Sting
  2428 | D:4      | Slain by a gnoll

Illustrated notes

Levels and vault maps discovered:
D:1:      zelgadis_glass_arrival_small, layout_basic, serial_shops,
          nicolae_shop_trees, nicolae_shop_temple_entry_statues_fountains
D:2:      layout_basic, serial_shops, shop
D:3:      corexii_shack_village, layout_loops_ring
D:4:      layout_basic, serial_shops, nicolae_stop_n_shop_1

Skill      XL: |  1  2  3 |
---------------+----------+-----
Axes           | 4 |  4.9
Fighting       | 3 |  3.3
Polearms       | 1 |  1.8
Armour         | 1 |  1.5
Throwing       | |  2.0
Dodging        | |  3.7
Shields        | |  0.4
Spellcasting   | |  0.5

Action                     |  1- 3 |  4- 6 || total
---------------------------+-------+-------++-------
  Melee: War axe           |    68 |    65 ||   133
         Headbutt          |     6 |     8 ||    14
  Throw: Throwing net      |       |     2 ||     2
 Armour: Leather armour    |     9 |    23 ||    32
  Dodge: Dodged            |    46 |    41 ||    87
  Block: Buckler           |     1 |    13 ||    14

Table legend: (Time is in decaauts)
 A = Elapsed time spent in this place.
 B = Non-inter-level travel time spent in this place.
 C = Inter-level travel time spent in this place.
 D = Time resting spent in this place.
 E = Time spent auto-exploring this place.
 F = Levels seen in this place.
 G = Mean time per level.
                   A        B        C        D        E       F      G
               +--------+--------+--------+--------+--------+-----+--------+
         Total |   2468 |   2407 |     61 |    183 |   1808 |   4 |  617.0 |
       Dungeon |   2468 |   2407 |     61 |    183 |   1808 |   4 |  617.0 |
               +--------+--------+--------+--------+--------+-----+--------+

Top non-repeatable levels by time:
     D:3: 955 daAuts
     D:2: 743 daAuts
     D:1: 536 daAuts
     D:4: 232 daAuts
